 Dungeon Crawl Stone Soup version 0.28.0-53-g5a82cb258f (webtiles) character file.

Game seed: 7069219772924531707

1279 Duralumin the Cleaver (level 8, -5/62 (63) HPs)
             Began as a Formicid Fighter on Aug 22, 2022.
             Slain by a wight
             ... wielding a +0 mace
              (7 damage)
             ... on level 6 of the Dungeon.
             The game lasted 00:10:31 (3598 turns).

Duralumin the Cleaver (Formicid Fighter)            Turns: 3598, Time: 00:10:32

HP:   -5/62 (63)    AC: 14    Str: 22 (23) XL:     8   Next: 84%
MP:   8/8           EV:  7    Int:  6 (8)  God:
Gold: 161           SH:  4    Dex:  7 (10) Spells: 7/7 levels left

rFire   . . .      SeeInvis +   o - +2 war axe (freeze)
rCold   . . .      Faith    +   c - +0 buckler
rNeg    . . .      Spirit   .   w - +0 chain mail
rPois   .          Reflect  .   (helmet unavailable)
rElec   .          Harm     .   (no cloak)
rCorr   .          Rampage  .   u - +0 pair of gloves
Will    .....                   (no boots)
Stlth   ..........              i - amulet of faith
HPRegen 0.20/turn               k - +4 ring of protection
MPRegen 0.11/turn               (no ring)

@: attractive, flying, lightly drained
A: permanent stasis, dig shafts and tunnels, antennae 3, four strong arms,
deterioration 1, robust 1
a: Dig, Shaft Self


You were on level 6 of the Dungeon.
You visited 1 branch of the dungeon, and saw 6 of its levels.

You collected 161 gold pieces.

Inventory:

Hand Weapons
 a - a +0 war axe
 d - a +4 flail
 f - a +0 whip
 o - a +2 war axe of freezing (weapon)
 p - a +1 quarterstaff of draining
 r - a +0 halberd
Missiles
 n - 3 poisoned darts
 s - a throwing net
Armour
 b - a +0 scale mail
 c - a +0 buckler (worn)
 u - a +0 pair of gloves (worn)
 w - a +0 chain mail (worn)
Jewellery
 i - an amulet of faith (around neck)
 k - a +4 ring of protection (left hand)
Scrolls
 g - a scroll of enchant weapon
 j - a scroll of teleportation
 q - a scroll of vulnerability


   Skills:
 - Level 3.2 Fighting
 + Level 10.1 Axes
 - Level 1.7 Staves
 - Level 3.2 Armour
 - Level 3.6 Shields


You had 7 spell levels left.
You didn't know any spells.
Your spell library contained the following spells:

 Spells                   Type           Power      Damage    Failure   Level
 Sandblast                Erth           0%         2d4       99%         1
 Summon Small Mammal      Summ           0%         N/A       99%         1
 Passwall                 Tmut/Erth      0%         N/A       100%        2
 Call Canine Familiar     Summ           0%         N/A       100%        3
 Stone Arrow              Conj/Erth      0%         3d7       100%        3
 Summon Guardian Golem    Hex/Summ       0%         N/A       100%        3
 Tukima's Dance           Hex            0%         N/A       100%        3
 Anguish                  Hex/Necr       0%         N/A       100%        4
 Enfeeble                 Hex            0%         N/A       100%        7


Dungeon Overview and Level Annotations

Branches:
Dungeon (7/15)
 Temple: D:4-7

Altars:

Shops:
D:2 (


Innate Abilities, Weirdness & Mutations

You cannot be hasted, slowed, berserked, paralysed or teleported.
You can dig through walls and to a lower floor.
You have a pair of large antennae on your head. (SInv)
Your four strong arms can wield two-handed weapons with a shield.
Your body sometimes deteriorates upon taking damage.
You are robust. (+10% HP)


Message History

* * * LOW HITPOINT WARNING * * *
The troll claws you but does no damage. The troll claws you.
* * * LOW HITPOINT WARNING * * *
You slash the troll! You freeze the troll.
The troll is almost dead.
The troll closely misses you. The troll claws you but does no damage.
The troll claws you.
* * * LOW HITPOINT WARNING * * *
A wight comes into view. It is wielding a +0 mace.
The wight is attracted toward you.
You hit the troll but do no damage.
The troll is almost dead.
The troll barely misses you. The troll completely misses you.
The troll claws you.
* * * LOW HITPOINT WARNING * * *
The wight is attracted toward you.
You barely miss the troll.
The troll is almost dead.
The troll bites you but does no damage. The troll claws you but does no damage.
You block the troll's attack. The wight hits you but does no damage.
The troll bites you but does no damage. The troll claws you.
* * * LOW HITPOINT WARNING * * *
The troll barely misses you.
You slash the troll! You freeze the troll.
You kill the troll!
You hit the wight but do no damage. The wight hits you but does no damage.
You feel your intelligence returning.
Your Axes skill increases to level 10!
You barely miss the wight. The wight hits you but does no damage.
You feel better. The wight hits you but does no damage.
You barely miss the wight. The wight hits you with a +0 mace.
* * * LOW HITPOINT WARNING * * *
You feel drained.
* * * LOW HITPOINT WARNING * * *
You closely miss the wight. The wight hits you with a +0 mace.
* * * LOW HITPOINT WARNING * * *
You hit the wight.
The wight is lightly damaged.
The wight hits you with a +0 mace!
You die...

#........ #.......
...>.. ...#.#
####..#.# #.......##
############........#
#.......@.).......#.#
#........z)).###..#.#
#............#
#..#..{
#............# #..#.#
.............# #..#.#
#............# #....#
.............#
#.#..## .
#............#
#.#...# .#.
############ #.#...##


You could see a wight.

Vanquished Creatures
  A troll (D:6)
  Sigmund (D:3)
  An ogre (D:6)
  Blork the orc (D:6)
  A scorpion (D:6)
  A wyvern skeleton (D:6)
  2 wights (D:6)
  2 centaur zombies
  A bullfrog skeleton (D:6)
  3 hounds (D:6)
  2 centaur skeletons (D:6)
  An iguana (D:6)
  2 orc wizards (D:6)
  A killer bee zombie (D:6)
  A hound skeleton (D:4)
  8 gnolls
  5 adders
  3 white imps (D:6)
  2 worms (D:2)
  2 dart slugs (D:1)
  9 orcs
  7 ball pythons
  4 bats
  5 endoplasms
  2 giant cockroaches
  5 goblins
  4 hobgoblins
  5 jackals
  2 quokkas (D:2)
  4 frilled lizards
  4 kobolds
  7 rats
99 creatures vanquished.

Notes
Turn   | Place    | Note
-------+----------+-------------------------------------------
     0 | D:1      | Duralumin the Formicid Fighter began the quest for the Orb.
     0 | D:1      | Reached XP level 1. HP: 18/18 MP: 1/1
   186 | D:1      | Reached XP level 2. HP: 23/24 MP: 2/2
   268 | D:1      | Reached skill level 3 in Axes
   363 | D:1      | Reached XP level 3. HP: 28/29 MP: 3/3
  1173 | D:2      | Reached skill level 4 in Axes
  1173 | D:2      | Reached XP level 4. HP: 27/35 MP: 4/4
  1874 | D:2      | Reached XP level 5. HP: 41/41 MP: 5/5
  2063 | D:2      | Found Liacyofa's Antique Weapon Shop.
  2405 | D:3      | Reached skill level 5 in Axes
  2479 | D:3      | Noticed Sigmund
  2486 | D:3      | Killed Sigmund
  2487 | D:3      | Reached skill level 6 in Axes
  2487 | D:3      | Reached XP level 6. HP: 31/47 MP: 6/6
  3059 | D:4      | Reached skill level 1 in Staves
  3085 | D:4      | You fall into a shaft and drop 3 floors!
  3178 | D:7      | Noticed an ice beast
  3228 | D:6      | Reached XP level 7. HP: 52/52 MP: 7/7
  3240 | D:6      | Reached skill level 7 in Axes
  3300 | D:6      | Noticed Blork the orc
  3331 | D:6      | Killed Blork the orc
  3333 | D:6      | Reached skill level 8 in Axes
  3336 | D:6      | Reached XP level 8. HP: 47/58 MP: 8/8
  3376 | D:6      | Reached skill level 9 in Axes
  3569 | D:6      | Noticed a troll
  3588 | D:6      | Gained mutation: Your body sometimes deteriorates upon
                  | taking damage. [potion of mutation]
  3588 | D:6      | Gained mutation: You are robust. (+10% HP) [potion of
                  | mutation]
  3593 | D:6      | Killed a troll
  3594 | D:6      | Reached skill level 10 in Axes
  3597 | D:6      | HP: 2/62 [wight/+0 mace (6)]
  3598 | D:6      | Slain by a wight

Illustrated notes

Levels and vault maps discovered:
D:1:      onia_arrival_pentagram, layout_basic
D:2:      layout_loops_corners, serial_shops, nicolae_shop_statue_plus
D:3:      layout_loops_ring, chequers_decorated_corner,
          kennysheep_generic_room_9, uniq_sigmund
D:4:      layout_rooms, portal_sewer_entry_e, st_stairs_10, minivault_1,
          minmay_misc_feat_chi, minmay_pentomino_pile
D:6:      cheibrodos_fzero, layout_basic, uniq_blork_the_orc
D:7:      layout_basic, temple_green, uniq_pikel

Skill      XL: |  1  2  3  4  5  6  7  8 |
---------------+-------------------------+-----
Axes           | 3 4 6 8 10 | 10.1
Staves         | 1 |  1.7
Fighting       | |  3.2
Armour         | |  3.2
Shields        | |  3.6

Action                   |  1- 3 |  4- 6 |  7- 9 || total
-------------------------+-------+-------+-------++-------
Melee: War axe           |    90 |    17 |   107 ||   214
       Quarterstaff      |       |   105 |       ||   105
  Use: Scroll            |       |     4 |       ||     4
       Potion            |       |       |     9 ||     9
Armor: Scale mail        |    62 |    34 |       ||    96
       Chain mail        |       |    77 |    84 ||   161
Dodge: Dodged            |    44 |    49 |    50 ||   143
Block: Buckler           |    25 |    30 |    29 ||    84
